 Dungeon Crawl Stone Soup version 0.28.0-53-g5a82cb258f (webtiles) character file.

Game seed: 3629767328790161985

50 styxcanada the Sneak (level 3, -1/18 HPs)
             Began as a Spriggan Brigand on Aug 10, 2022.
             Slain by a kobold
             ... wielding a +0 dagger
              (3 damage)
             ... on level 2 of the Dungeon.
             The game lasted 00:03:50 (1510 turns).

styxcanada the Sneak (Spriggan Brigand)             Turns: 1510, Time: 00:03:51

Health: -1/18      AC:  3    Str:  7    XL:     3   Next: 55%
Magic:  4/4        EV: 17    Int: 12    God:
Gold:   78         SH:  0    Dex: 18    Spells: 1/2 levels left

rFire   . . .      SeeInvis +   a - +2 dagger
rCold   . . .      Faith    .   (no shield)
rNeg    . . .      Spirit   .   b - +0 robe
rPois   .          Reflect  .   (helmet restricted)
rElec   .          Harm     .   c - +0 cloak
rCorr   .          Rampage  .   (gloves unavailable)
Will    .....                   (boots unavailable)
Stlth   ++++......              (no amulet)
HPRegen 0.06/turn               (no ring)
MPRegen 0.09/turn               (no ring)

@: very quick
A: very small, no large weapons, unfitting armour, see invisible, speed 3
a: no special abilities


You were on level 2 of the Dungeon.
You visited 1 branch of the dungeon, and saw 2 of its levels.

You collected 78 gold pieces.

Inventory:

Hand Weapons
 a - a +2 dagger (weapon)
Missiles
 d - 6 poisoned darts (quivered)
 e - 2 curare-tipped darts
 f - 99 stones
 j - 24 sling bullets
Armour
 b - a +0 robe (worn)
 c - a +0 cloak (worn)
Scrolls
 g - 3 scrolls of identify {unknown}
 i - 3 scrolls of teleportation {unknown}
 k - a scroll of brand weapon {unknown}
Potions
 h - a potion of might {unknown}
 l - a potion of invisibility {unknown}
 m - 2 potions of magic {unknown}


   Skills:
 * Level 1.9 Fighting
 + Level 2.6 Short Blades
 + Level 2.0 Throwing
 * Level 1.7 Dodging
 * Level 6.9 Stealth
 * Level 0.4 Spellcasting
 * Level 0.5 Conjurations


You had one spell level left.
You knew the following spells:

 Your Spells              Type           Power      Damage    Failure   Level
a - Magic Dart            Conj           4%         1d3       26%         1

Your spell library contained the following spells:

 Spells                   Type           Power      Damage    Failure   Level
 Call Imp                 Summ           0%         N/A       43%         2
 Mephitic Cloud           Conj/Pois/Air  0%         N/A       65%         3


Dungeon Overview and Level Annotations

Branches:
Dungeon (2/15)

Altars:


Innate Abilities, Weirdness & Mutations

You are very small and have problems with some larger weapons.
You are too small for most types of armour.
You have supernaturally acute eyesight. (SInv)
You cover ground extremely quickly. (Speed+++)


Message History

The kobold shouts!
The endoplasm quivers.
The rat bites you.
An endoplasm comes into view.
You hit the rat.
The rat is moderately wounded.
The rat bites you but does no damage. The bat misses you.
You closely miss the rat.
The rat is moderately wounded.
The bat hits you but does no damage. The rat completely misses you.
You hit the rat but do no damage.
The rat is moderately wounded.
The bat hits you. The bat closely misses you. The endoplasm closely misses you.
The rat barely misses you.
You barely miss the bat. You punch the bat, but do no damage.
The bat completely misses you.
The endoplasm hits you but does no damage.
You barely miss the bat. The bat completely misses you.
The endoplasm freezes you.
You are frozen.
The rat barely misses you.
You hit the rat.
The rat is moderately wounded.
The endoplasm hits you but does no damage.
The rat closely misses you.
You hit the rat.
The rat is moderately wounded.
The bat barely misses you. The kobold closely misses you.
The endoplasm freezes you.
You are frozen.
You barely miss the rat.
The rat is moderately wounded.
The rat barely misses you. The kobold hits you with a +0 dagger.
You hit the rat but do no damage.
The rat is moderately wounded.
The bat hits you.
* * * LOW HITPOINT WARNING * * *
The endoplasm completely misses you. The rat bites you.
* * * LOW HITPOINT WARNING * * *
The bat barely misses you. The kobold hits you with a +0 dagger.
You die...

# ##..#..#.....#..#......###
########..###.##.....#.##...###
(.........# #..#........#.###
#.#.#.#.#.# ##........#####
#.........# #......###.#
..#.#.#.#.#####...###...#
..............#.###...#
..#.#.#.#).####'#r..#
...........# #.@JJ#
#.#.#.#.#..# ##bK......#
#..........# #..........
###.####.#.######........#
.....# #...##...#......##.
###..#####.##.####.###... #
#...........# #.. ..##
###.####.....## ##.. ## .....#
##...##


You could see 2 endoplasms, a bat, a kobold and a rat.

Vanquished Creatures
  3 gnolls (D:2)
  6 goblins
  2 hobgoblins (D:1)
  2 jackals (D:2)
  2 kobolds (D:1)
  2 ball pythons (D:1)
  A bat (D:1)
  A frilled lizard (D:1)
  2 rats
21 creatures vanquished.

Notes
Turn   | Place    | Note
-------+----------+-------------------------------------------
     0 | D:1      | styxcanada the Spriggan Brigand began the quest for the
                  | Orb.
     0 | D:1      | Reached XP level 1. HP: 10/10 MP: 2/2
    91 | D:1      | Reached skill level 6 in Stealth
   316 | D:1      | Reached XP level 2. HP: 14/14 MP: 3/3
   395 | D:1      | Learned a level 1 spell: Magic Dart
  1290 | D:2      | Found a faded altar of an unknown god.
  1323 | D:2      | Reached XP level 3. HP: 18/18 MP: 4/4
  1510 | D:2      | Slain by a kobold

Illustrated notes

Levels and vault maps discovered:
D:1:      dpeg_arrival_pond, layout_basic
D:2:      minmay_skewed_foursquare, layout_loops_corners,
          basic_ecumenical_altar, serial_glass, glass_columns_a,
          glass_columns_a, glass_columns_c, glass_columns_a, glass_columns_a,
          glass_columns_b, glass_columns_b, glass_columns_a, feat_on_display,
          guppyfry_early_orc_mine, uniq_terence

Skill      XL: |  1 |
---------------+----+-----
Stealth        | 6 |  6.9
Fighting       | |  1.9
Short Blades   | |  2.6
Throwing       | |  2.0
Dodging        | |  1.7
Spellcasting   | |  0.4
Conjurations   | |  0.5

Action                   || total
-------------------------++-------
Melee: Dagger            ||    63
       Punch             ||     1
Throw: Dart              ||    13
 Cast: Magic Dart        ||     2
 Stab: Sleeping          ||     4
Armor: Robe              ||    10
Dodge: Dodged            ||    46
